AoeStats
← akarisialo

Coastal Forest

510865201Analyzed
3v3 RM · 8h ago on Oct 2, 2026· 45m 5s· 6 players
Game mode
Random Map
Map size
Normal (6 player)
Population
200
Speed
Normal
Resources
Standard
Victory
Conquest
Starting age
Dark Age
Ending age
Imperial Age
RankedLock teamsTeams togetherTeam positionsShared explorationLock speedFull tech treeHidden civsTurbo modeCheats
Victory
Defeat
🇵🇪 Britons · Peru
761
+15
719
+17
🇦🇷 Burgundians · Argentina
693
+19
🇮🇳 Burgundians · India
763
-18
🇬🇧 Vikings · United Kingdom
749
-17
🇺🇸 Mongols · United States
719
-16
PopySeed_[CuERvO]
3:34 Loom
4:51 Wheelbarrow
11:50 Feudal Age
12:01 Double-Bit Axe
11:57 Horse Collar
14:26 Hand Cart
20:45 Gold Mining
20:56 Heavy Plow
21:07 Bow Saw
24:11 Castle Age
22:53 Gold Shaft Mining
22:09 Stone Mining
23:44 Scale Barding Armor
23:51 Forging
25:18 Town Watch
25:23 Cavalier
26:05 Husbandry
28:53 Chain Barding Armor
39:39 Imperial Age
39:43 Iron Casting
40:36 Paladin
42:23 Chemistry
41:19 Murder Holes
42:06 Fletching
akarisialo
11:12 Feudal Age
11:48 Double-Bit Axe
13:45 Horse Collar
16:06 Loom
24:40 Castle Age
22:45 Fletching
24:59 Crossbowman
26:01 Pikeman
28:08 Squires
29:15 Gold Mining
30:27 Wheelbarrow
31:20 Padded Archer Armor
32:19 Forging
33:09 Town Watch
33:21 Gambesons
37:42 Ballistics
37:23 Murder Holes
40:27 Hand Cart
40:28 Bow Saw
44:32 Imperial Age
45:03 Scale Mail Armor
45:00 Bodkin Arrow
ZzzzzzCamilaVuelvePorfavor
12:03 Feudal Age
11:21 Loom
12:32 Double-Bit Axe
12:30 Horse Collar
14:47 Champi Runner
18:09 Forging
20:33 Scale Mail Armor
23:16 Wheelbarrow
24:59 Gold Mining
30:18 Castle Age
31:50 Heavy Plow
32:03 Bow Saw
35:16 Hand Cart
35:43 Gold Shaft Mining
36:44 Squires
36:40 Arson
37:34 Iron Casting
37:15 Chain Mail Armor
36:24 Champi Warrior
44:10 Imperial Age
41:52 Stone Mining
44:12 Elite Champi Warrior
44:56 Fabric Shields
drtySASQUATCH69
0:37 Loom
19:22 Feudal Age
21:09 Feudal Age
22:55 Wheelbarrow
22:25 Horse Collar
22:34 Double-Bit Axe
23:22 Gold Mining
23:26 Stone Mining
23:23 Fishing Lines
30:18 Castle Age
31:03 Bloodlines
30:47 Fletching
30:58 Padded Archer Armor
31:10 Forging
31:05 Scale Barding Armor
31:19 Hand Cart
31:08 Heavy Plow
31:47 Gold Shaft Mining
32:00 Thumb Ring
33:01 Husbandry
34:10 Iron Casting
33:40 Gillnets
35:14 Bow Saw
36:32 Chain Barding Armor
37:46 Bodkin Arrow
38:07 Leather Archer Armor
45:00 Imperial Age
42:41 Caravan
ʚ♡ɞ Mr. Yung Prime Shopper
9:10 Loom
11:43 Feudal Age
12:46 Double-Bit Axe
12:52 Horse Collar
20:52 Stone Mining
20:55 Gold Mining
23:51 Castle Age
22:54 Man-at-Arms
24:06 Scale Mail Armor
24:17 Forging
24:38 Padded Archer Armor
24:30 Fletching
25:52 Gold Shaft Mining
26:01 Bow Saw
25:55 Heavy Plow
26:08 Pikeman
38:40 Imperial Age
43:14 Conscription
VCBlade
1:11 Loom
9:44 Wheelbarrow
8:56 Double-Bit Axe
11:37 Feudal Age
13:58 Bow Saw
13:29 Horse Collar
13:42 Gold Mining
21:23 Hand Cart
21:09 Heavy Plow
26:21 Castle Age
24:09 Arson
24:32 Scale Barding Armor
24:39 Forging
26:50 Gold Shaft Mining
28:07 Two-Man Saw
27:39 Crop Rotation
29:34 Light Cavalry
30:14 Husbandry
32:55 Stone Mining
33:36 Squires
32:58 Pikeman
33:44 Town Watch
35:20 Stone Shaft Mining
38:00 Chain Barding Armor
38:16 Iron Casting
38:58 Fletching
Connection lost

Rejoining the realm…

Still unreachable

The connection could not be restored.

Session expired

The server has moved on; the page needs a fresh start.